 Dungeon Crawl Stone Soup version 0.28-a0-1638-g9123634e07 (webtiles) character file.

Game seed: 3571202382178705125

324 HallandMoats the Skirmisher (level 6, -13/52 HPs)
             Began as a Ghoul Fighter on Jan 25, 2022.
             Was a Believer of Makhleb.
             Mangled by an ogre (25 damage)
             ... on level 4 of the Dungeon.
             The game lasted 00:04:01 (3122 turns).

HallandMoats the Skirmisher (Ghoul Fighter)         Turns: 3122, Time: 00:04:02

Health: -13/52     AC:  8    Str: 20    XL:     6   Next: 48%
Magic:  7/7        EV:  9    Int:  5    God:    Makhleb [**....]
Gold:   188        SH:  9    Dex:  8    Spells: 5/5 levels left

rFire   . . .      SeeInvis .   a - +0 flail
rCold   + + .      Faith    .   c - +0 buckler
rNeg    + + +      Spirit   .   b - +0 scale mail
rPois   ∞          Reflect  +   (no helmet)
rElec   .          Harm     .   (no cloak)
rCorr   .          Rampage  .   (no gloves)
Will    .....                   f - +0 pair of boots
Stlth   ..........              n - amulet of reflection
HPRegen 0.00/turn               p - ring of protection from cold
MPRegen 0.10/turn               (no ring)

@: mighty, inhibited regen
A: claws 1, cold resistance 1, negative energy resistance 3, inhibited
regeneration, torment resistance 2
a: Renounce Religion, Minor Destruction


You were on level 4 of the Dungeon.
You worshipped Makhleb.
Makhleb was pleased with you.
You visited 1 branch of the dungeon, and saw 4 of its levels.

You collected 188 gold pieces.

Inventory:

Hand Weapons
 a - a +0 flail (weapon)
Armour
 b - a +0 scale mail (worn)
 c - a +0 buckler (worn)
 f - a +0 pair of boots (worn)
Jewellery
 n - an amulet of reflection (around neck)
 o - an amulet of faith
 p - a ring of protection from cold (left claw)
Scrolls
 e - 2 scrolls of teleportation {unknown}
 i - 5 scrolls of identify {unknown}
 j - a scroll of enchant weapon {unknown}
 k - a scroll of torment {unknown}
 l - a scroll of silence {unknown}
 q - a scroll of noise {unknown}
Potions
 g - 2 potions of mutation {unknown}
 h - a potion of curing {unknown}
 m - a potion of flight {unknown}
 r - a potion of attraction {unknown}
 s - a potion of degeneration {unknown}


   Skills:
 + Level 4.0 Fighting
 * Level 3.3 Maces & Flails
 + Level 3.4 Armour
 + Level 1.8 Dodging
 + Level 3.2 Shields
 * Level 3.2 Invocations


You had 5 spell levels left.
You didn't know any spells.
Your spell library contained the following spells:

 Spells                   Type           Power      Damage    Failure   Level
 Ensorcelled Hibernation  Hex/Ice        0%         N/A       96%         2
 Gell's Gravitas          Tloc           0%         N/A       99%         3
 Teleport Other           Tloc           0%         N/A       99%         3
 Anguish                  Hex/Necr       0%         N/A       100%        4
 Dispersal                Tloc           0%         N/A       100%        6
 Spider Form              Tmut/Pois      Unusable   N/A       N/A         3

Dungeon Overview and Level Annotations

Branches:
Dungeon (4/15)             Temple (0/1) D:4

Altars:
Makhleb
Ru


Innate Abilities, Weirdness & Mutations

You thrive by killing the living.
You are immune to poison.
You have sharp fingernails.
Your flesh is cold resistant. (rC+)
You are immune to negative energy. (rN+++)
You do not regenerate when monsters are visible.
You are immune to unholy pain and torment.


Message History

You kill the goblin!
Makhleb accepts your kill.
Found a There-And-Back Book.
The kobold closely misses you.
You closely miss the kobold. You block the kobold's attack.
You thump the kobold!
You kill the kobold!
Makhleb accepts your kill.
No target in view!
No target in view!
No target in view!
No target in view!
No target in view!
No target in view!
No target in view!
No target in view!
Things that are here:
a +0 short sword; a kobold corpse
Found a staircase to the Ecumenical Temple.
You now have 188 gold pieces (gained 10).
You pick up a There-And-Back Book and begin reading...
You add the spells Gell's Gravitas, Teleport Other and Dispersal to your library.
An ogre comes into view. It is wielding a +0 giant club.
The ogre shouts!
An ogre is nearby!
You feel very mighty all of a sudden.
You sock the ogre!
The ogre is heavily wounded.
The ogre hits you with a +0 giant club!
You hit the ogre.
The ogre is severely wounded.
The ogre hits you with a +0 giant club!!
Ouch! That really hurt!
* * * LOW HITPOINT WARNING * * *
You are too injured to fight recklessly!
You are too injured to fight recklessly!
You are too injured to fight recklessly!
You hit the ogre.
The ogre is almost dead.
The ogre hits you with a +0 giant club!!
You die...

#.#.#.⌠8..#.# #.......##.#
##.........#.# #.##...#...#
##...>.⌠8..#.# #.###.##.###
##.#.....(.#.# #.# #.##.#
#.####.⌠8..#.###.# #.##.#
...###.....#.#...###.##.#
#.#.#..#.#.#.#..........#
#.##.#.#.#.#.#...###.####
.....#.#.#.#.##.@#
.....#...........O.....#
.............)..........##
....##.###.#######.......##
....##.###.# #..........
........##.# #.........##
####.#.###.######.#.....#..# ####
#.......##......#.##.#.#.#.#.#.#.
#.#####.#...###.#.#......^.......


You could see an ogre.

Vanquished Creatures
  A phantom (D:4)
  2 hounds
  A bullfrog skeleton (D:4)
  An orc wizard (D:4)
  A howler monkey skeleton (D:2)
  3 adders (D:3)
  A worm (D:3)
  3 dart slugs
  12 orcs
  10 ball pythons
  4 bats
  6 endoplasms
  5 giant cockroaches
  6 goblins
  4 hobgoblins
  2 jackals (D:2)
  4 quokkas (D:2)
  4 frilled lizards
  8 kobolds
  10 rats
88 creatures vanquished.

Notes
Turn   | Place    | Note
-------+----------+-------------------------------------------
     0 | D:1      | HallandMoats the Ghoul Fighter began the quest for the Orb.
     0 | D:1      | Reached XP level 1. HP: 19/19 MP: 0/0
    51 | D:1      | Reached XP level 2. HP: 24/26 MP: 1/1
   241 | D:1      | Reached skill level 1 in Invocations
   334 | D:1      | You fall into a shaft and drop 1 floor!
   542 | D:2      | Reached XP level 3. HP: 31/31 MP: 2/2
  1061 | D:2      | Found a faded altar of an unknown god.
  1081 | D:2      | Prayed at the altar of an unknown god.
  1081 | D:2      | Became a worshipper of Makhleb the Destroyer
  1081 | D:2      | Reached * piety under Makhleb
  1228 | D:2      | Reached XP level 4. HP: 36/38 MP: 4/4
  1349 | D:2      | Reached skill level 1 in Dodging
  1902 | D:3      | Reached ** piety under Makhleb
  1903 | D:3      | Reached XP level 5. HP: 45/46 MP: 5/5
  2688 | D:4      | Found a sacrificial altar of Ru.
  3004 | D:4      | Noticed a phantom
  3013 | D:4      | Killed a phantom
  3014 | D:4      | Reached XP level 6. HP: 51/52 MP: 7/7
  3032 | D:4      | Reached skill level 4 in Fighting
  3040 | D:4      | Found a staircase to the Ecumenical Temple.
  3122 | D:4      | Mangled by an ogre

Illustrated notes

Levels and vault maps discovered:
D:1:      nicolae_arrival_washed_ashore, layout_rooms
D:2:      layout_basic, hellmonk_ecumenical_altar_dog_temple, kennysheep_path_1
D:3:      layout_basic, st_stairs_10, amcnicky_mini_pool_small,
          kennysheep_cross_room
D:4:      layout_loops_ring, nicolae_overflow_crystal_walls,
          minmay_temple_entry_drinking_statues, st_stairs_13

Skill      XL: |  1  2  3  4  5  6 |
---------------+-------------------+-----
Maces & Flails | 2 3 |  3.3
Invocations    | 1 2 3 |  3.2
Armour         | 3 |  3.4
Dodging        | 1 |  1.8
Shields        | 3 |  3.2
Fighting       | 4 |  4.0

Action                   |  1- 3 |  4- 6 || total
-------------------------+-------+-------++-------
Melee: Flail             |   134 |   189 ||   323
  Use: Potion            |       |     1 ||     1
Armor: Scale mail        |    76 |    74 ||   150
Dodge: Dodged            |    76 |    57 ||   133
Block: Buckler           |    27 |    82 ||   109
       Reflection        |       |     2 ||     2

Table legend: (Time is in decaauts)
 A = Elapsed time spent in this place.
 B = Non-inter-level travel time spent in this place.
 C = Inter-level travel time spent in this place.
 D = Time resting spent in this place.
 E = Time spent auto-exploring this place.
 F = Levels seen in this place.
 G = Mean time per level.
                   A        B        C        D        E       F      G
               +--------+--------+--------+--------+--------+-----+--------+
         Total |   3225 |   3126 |     99 |      0 |   2435 |   4 |  806.2 |
       Dungeon |   3225 |   3126 |     99 |      0 |   2435 |   4 |  806.2 |
               +--------+--------+--------+--------+--------+-----+--------+

Top non-repeatable levels by time:
     D:3: 1034 daAuts
     D:1: 849 daAuts
     D:2: 842 daAuts
     D:4: 499 daAuts
